 Dungeon Crawl Stone Soup version 0.20-a0-924-gfa95efa (webtiles) character file.

65 Rrauwl the Slasher (level 4, 0/37 HPs)
             Began as a Barachi Monk on Mar 27, 2017.
             Slain by an adder (1 damage)
             ... on level 2 of the Dungeon.
             The game lasted 00:04:02 (1543 turns).

Rrauwl the Slasher (Barachi Monk)                   Turns: 1543, Time: 00:04:03

Health: 0/37       AC:  2    Str: 13    XL:     4   Next: 14%
Magic:  4/4        EV: 14    Int: 11    God:
Gold:   125        SH:  0    Dex: 14    Spells: 3/3 levels left

rFire    . . .     SeeInvis .   a - +0 falchion
rCold    . . .     Gourm    .   (no shield)
rNeg     . . .     Faith    .   b - +0 robe
rPois    .         Spirit   .   (no helmet)
rElec    .         Reflect  .   (no cloak)
rCorr    .         Harm     .   (no gloves)
MR       +....     Clarity  +   (no boots)
Stlth    ++........             (no amulet)
Regen    0.2/turn               g - ring of protection from magic
MPRegen  0.1/turn               (no ring)

@: lethally poisoned (0 -> -10), slow
A: +LOS, swims, blurry vision 1, clarity, slowness 1, MP-powered wands, strong
legs 1
a: Hop


You were on level 2 of the Dungeon.
You were not hungry.

You visited 1 branch of the dungeon, and saw 2 of its levels.

You collected 125 gold pieces.

Inventory:

Hand Weapons
 a - a +0 falchion (weapon)
Armour
 b - a +0 robe (worn)
Jewellery
 g - a ring of protection from magic (left hand)
Scrolls
 e - a scroll of enchant weapon {unknown}
 f - a scroll of recharging {unknown}
 h - 5 scrolls of identify {unknown}
 j - a scroll of remove curse {unknown}
Comestibles
 c - 2 bread rations
 k - 2 chunks of flesh
 l - a meat ration
 m - 3 fruits


   Skills:
 - Level 4.0 Fighting
 + Level 4.4 Long Blades
 + Level 0.5 Armour
 + Level 4.2 Dodging
 - Level 2.0 Stealth


You had 3 spell levels left.
You didn't know any spells.

Dungeon Overview and Level Annotations

Branches:
Dungeon (2/15)

Altars:
Gozag
Zin


Innate Abilities, Weirdness & Mutations

Shadows flee at your approach. (+LOS)
You can swim through water.
You cover ground slowly.
You can hop short distances.
Scrolls take you a little longer to read.
You possess an exceptional clarity of mind.
You expend magic power (3 MP) to strengthen your wands.


Message History

You feel sick. The adder bites you.
* * * LOW HITPOINT WARNING * * *
The adder barely misses you.
You riposte.
You completely miss the adder.
The adder is lightly wounded.
It was a potion of mutation.
You feel extremely strange.
You feel your magical essence link to your wands.
Your vision blurs.
Your thoughts seem clearer.
The adder barely misses you.
You riposte.
You hit the adder.
The adder is lightly wounded.
It was a potion of cancellation.
You feel magically purged.
* * * LOW HITPOINT WARNING * * *
You feel sick. The adder closely misses you.
You miss the adder.
The adder is lightly wounded.
* * * LOW HITPOINT WARNING * * *
You feel sick. The adder bites you.
* * * LOW HITPOINT WARNING * * *
You are more poisoned.
The adder poisons you! The adder bites you.
You die...

### #...#.#..##...##.#..# #.#
#........##...##.#..## #.#
#...#.#...............
#.###.....................
#..................#.##.#.
#.###..............#.##.#.
#.........#.##.....#.##.#.
#####....S.........#.##.#.
##...@#.##.........[..
#....#(##.#...#......
#....#.##.#...#.##.#.
#..................#.
#....................
#############..#####..#...####.#.
#............................#.#.
#................................
##############..##.##.#.#.####.#.


You could see an adder.

Vanquished Creatures
  2 adders (D:2)
  2 worms (D:2)
  A dart slug (D:2)
  4 giant cockroaches
  A goblin (D:1)
  5 hobgoblins
  4 jackals (D:2)
  4 ball pythons
  6 bats
  6 kobolds
  6 rats
41 creatures vanquished.

Notes
Turn   | Place    | Note
-------+----------+-------------------------------------------
     0 | D:1      | Rrauwl the Barachi Monk began the quest for the Orb.
     0 | D:1      | Reached XP level 1. HP: 18/18 MP: 1/1
   182 | D:1      | Reached XP level 2. HP: 20/25 MP: 2/2
   714 | D:2      | Reached XP level 3. HP: 30/30 MP: 3/3
  1139 | D:2      | Found a glowing silver altar of Zin.
  1139 | D:2      | Found an opulent altar of Gozag.
  1368 | D:2      | Reached XP level 4. HP: 13/37 MP: 4/4
  1541 | D:2      | Gained mutation: You expend magic power (3 MP) to strengthen your wands. [potion of mutation]
  1541 | D:2      | Gained mutation: Scrolls take you a little longer to read. [potion of mutation]
  1541 | D:2      | Gained mutation: You possess an exceptional clarity of mind. [potion of mutation]
  1543 | D:2      | HP: 1/37 [adder (4)]
  1543 | D:2      | Slain by an adder

Vault maps used:
D:1:      minmay_arrival_open_corners
D:2:      grunt_temple_overflow_gold_and_silver

Skill      XL: |  1  2  3 |
---------------+----------+-----
Fighting       | 4 |  4.0
Long Blades    | 4 |  4.4
Stealth        | 2 |  2.0
Dodging        | 4 |  4.2
Armour         | |  0.5

Action                   |  1- 3 |  4- 6 || total
-------------------------+-------+-------++-------
Melee: Falchion          |   111 |    16 ||   127
  Use: Potion            |       |     2 ||     2
 Stab: Sleeping          |     3 |       ||     3
  Eat: Chunk             |     2 |     1 ||     3
Armor: Robe              |    19 |     2 ||    21
Dodge: Dodged            |    84 |    15 ||    99
       Rpst.: Falchion   |    28 |     8 ||    36
